 Dungeon Crawl Stone Soup version 0.28.0-53-g5a82cb258f (webtiles) character file.

Game seed: 16832462216146062281

56 infcreate the Sneak (level 3, -2/19 HPs)
             Began as a Vampire Enchanter on July 25, 2022.
             Shot with a stone by a goblin (5 damage)
             ... on level 2 of the Dungeon.
             The game lasted 00:04:59 (1880 turns).

infcreate the Sneak (Vampire Enchanter)             Turns: 1880, Time: 00:04:59

Health: -2/19      AC:  2    Str:  7    XL:     3   Next: 71%
Magic:  4/6        EV: 13    Int: 17    God:
Gold:   77         SH:  0    Dex: 16    Spells: 1/6 levels left

rFire   . . .      SeeInvis +   a - +1 dagger
rCold   + + .      Faith    .   (no shield)
rNeg    + + +      Spirit   .   b - +0 robe
rPois   ∞          Reflect  .   (no helmet)
rElec   .          Harm     .   (no cloak)
rCorr   .          Rampage  .   (no gloves)
Will    .....                   (no boots)
Stlth   +++++.....              (no amulet)
HPRegen 0.00/turn               (no ring)
MPRegen 0.10/turn               (no ring)

@: bloodless, inhibited regen
A: bloodless, fangs 3, see invisible, vampiric 2
a: Bat Form, Revivify


You were on level 2 of the Dungeon.
You visited 1 branch of the dungeon, and saw 2 of its levels.

You collected 77 gold pieces.


Innate Abilities, Weirdness & Mutations

You do not regenerate when monsters are visible.
You are frail without blood (-20% HP).
You can heal yourself when you bite living creatures.
You are immune to poison.
You have razor-sharp teeth.
You have supernaturally acute eyesight. (SInv)
You are afflicted with vampirism and can become a bat while bloodless.


   Skills:
 + Level 2.0 Short Blades
 + Level 2.8 Dodging
 + Level 5.1 Stealth
 + Level 2.4 Spellcasting
 + Level 5.0 Hexes


You had one spell level left.
You knew the following spells:

 Your Spells              Type           Power      Damage    Failure   Level
c - Confusing Touch       Hex            19%        N/A       7%          3
e - Ensorcelled Hibernat  Hex/Ice        20%        N/A       10%         2

Your spell library contained the following spells:

 Spells                   Type           Power      Damage    Failure   Level
 Tukima's Dance           Hex            19%        N/A       7%          3
 Dazzling Flash           Conj/Hex       20%        N/A       21%         3
 Stone Arrow              Conj/Erth      4%         3d7       50%         3
 Animate Armour           Summ/Erth      4%         N/A       88%         4
 Lehudib's Crystal Spear  Conj/Erth      1%         10d2      100%        8

Inventory:

Hand Weapons
 a - a +1 dagger (weapon)
Armour
 b - a +0 robe (worn)
Scrolls
 h - a scroll of summoning {unknown}
Potions
 c - a potion of invisibility
 d - a potion of cancellation {unknown}
 e - a potion of berserk rage {unknown}
 f - a potion of flight {unknown}
 g - a potion of heal wounds {unknown}
 i - a potion of lignification {unknown}

Dungeon Overview and Level Annotations

Branches:
Dungeon (2/15)

Altars:

#.......
#....#..)
#g..#..
#....#...
#.....
#....#...
#....#
#.####.##
#....# #.#
#.## #S...####
#.# #...
#........ #.#
####
#.##########.#
#g†@.........#
##############


You could see a goblin.


Message History

Unknown command.
You see here a ball python corpse.
Casting: Ensorcelled Hibernation (safe; 10% risk of failure)
Confirm with . or Enter, or press ? or * to list all spells.
The spell is extremely dangerous to miscast (7% risk of failure)!
Continue anyway?
Your hands begin to glow red.
You hit the adder but do no damage. The adder bites you.
You closely miss the adder. Your bite misses the adder. The adder bites you.
You hit the adder but do no damage.
The adder appears confused.
The adder closely misses you.
You barely miss the adder. The adder bites you.
* * * LOW HITPOINT WARNING * * *
The adder bites itself but does no damage.
You hit the adder but do no damage. You hit the adder.
The adder is moderately wounded.
The adder bites you.
* * * LOW HITPOINT WARNING * * *
You hit the adder.
The adder is heavily wounded.
The adder bites you.
* * * LOW HITPOINT WARNING * * *
The adder barely misses the goblin.
The adder bites itself.
You hit the adder. Your bite misses the adder.
The adder is almost dead.
You hit the adder.
You kill the adder!
The goblin shoots a stone.
The stone hits you.
You die...

Skill      XL: |  1  2  3 |
---------------+----------+-----
Stealth        | 5 |  5.1
Short Blades   | 2 |  2.0
Hexes          | 5 |  5.0
Dodging        | |  2.8
Spellcasting   | |  2.4

Action                   || total
-------------------------++-------
Melee: Dagger            ||    83
       Bite              ||     3
 Cast: Ensorcelled Hiber ||    15
       Confusing Touch   ||     1
 Abil: Exsanguinate      ||     1
 Stab: Sleeping          ||    31
Armor: Robe              ||     9
Dodge: Dodged            ||    35

Levels and vault maps discovered:
D:1:      co_arrival_square_in_a_square_in_a_square, layout_basic, hex_large
D:2:      kb_forest_paths, layout_basic

Notes
Turn   | Place    | Note
-------+----------+-------------------------------------------
     0 | D:1      | infcreate the Vampire Enchanter began the quest for the
                  | Orb.
     0 | D:1      | Reached XP level 1. HP: 13/13 MP: 3/3
   510 | D:1      | Reached XP level 2. HP: 15/15 MP: 5/5
   513 | D:1      | Learned a level 2 spell: Ensorcelled Hibernation
  1451 | D:2      | Gained mutation: You are afflicted with vampirism and can
                  | become a bat while bloodless. [Vampire growth]
  1451 | D:2      | Reached XP level 3. HP: 19/19 MP: 6/6
  1459 | D:2      | Learned a level 3 spell: Confusing Touch
  1512 | D:2      | Reached skill level 5 in Stealth
  1733 | D:2      | Reached skill level 2 in Short Blades
  1733 | D:2      | Reached skill level 5 in Hexes
  1880 | D:2      | Shot with a stone by a goblin

Vanquished Creatures
  2 adders (D:2)
  2 dart slugs (D:1)
  6 ball pythons
  3 bats
  4 endoplasms
  4 giant cockroaches
  3 hobgoblins (D:1)
  3 jackals (D:2)
  A quokka (D:1)
  A frilled lizard (D:2)
  3 goblins
  3 kobolds
  5 rats
40 creatures vanquished.

Table legend: (Time is in decaauts)
 A = Elapsed time spent in this place.
 B = Non-inter-level travel time spent in this place.
 C = Inter-level travel time spent in this place.
 D = Time resting spent in this place.
 E = Time spent auto-exploring this place.
 F = Levels seen in this place.
 G = Mean time per level.
                   A        B        C        D        E       F      G
               +--------+--------+--------+--------+--------+-----+--------+
         Total |   1874 |   1696 |    178 |    214 |   1105 |   2 |  937.0 |
       Dungeon |   1874 |   1696 |    178 |    214 |   1105 |   2 |  937.0 |
               +--------+--------+--------+--------+--------+-----+--------+

Top non-repeatable levels by time:
     D:1: 1117 daAuts
     D:2: 756 daAuts

Table legend:
 A = Non-vault XP
 B = Vault XP
 C = Vault XP percentage of total XP
 D = Non-vault monster count
 E = Vault monster count
 F = Vault count percentage of total count
                 A         B        C        D         E       F
            +---------+---------+-------+---------+---------+-------
      Total |      93 |       1 |   1.1 |      39 |       1 |   2.5
            +---------+---------+-------+---------+---------+-------
        D:1 |      33 |       0 |   0.0 |      17 |       0 |   0.0
        D:2 |      60 |       1 |   1.6 |      22 |       1 |   4.3
            +---------+---------+-------+---------+---------+-------
